 Dungeon Crawl Stone Soup version 0.27-a0-797-g27d10ad80f (webtiles) character file.

Game seed: 2114754201096728141

25 polve the Skirmisher (level 2, -2/24 HPs)
             Began as a Demonspawn Abyssal Knight on Mar 27, 2021.
             Was a Follower of Lugonu.
             Slain by a hound (6 damage)
             ... on level 2 of the Dungeon.
             The game lasted 00:00:43 (1514 turns).

polve the Skirmisher (Demonspawn Abyssal Knight)    Turns: 1514, Time: 00:00:43

Health: -2/24      AC:  3    Str: 12    XL:     2   Next: 86%
Magic:  3/3        EV: 11    Int: 13    God:    Lugonu [*.....]
Gold:   52         SH:  0    Dex: 14    Spells: 1/1 levels left

rFire    . . .     SeeInvis .   a - +1 falchion
rCold    . . .     Faith    .   (no shield)
rNeg     . . .     Spirit   .   b - +0 leather armour
rPois    .         Reflect  .   (no helmet)
rElec    .         Harm     .   (no cloak)
rCorr    .         Rampage  .   (no gloves)
Will     .....                  (no boots)
Stlth    ++........             (no amulet)
HPRegen  0.08/turn              (no ring)
MPRegen  0.08/turn              (no ring)

@: no status effects
A: thin skeletal structure 1
a: Renounce Religion, Depart the Abyss


You were on level 2 of the Dungeon.
You worshipped Lugonu.
Lugonu was aware of your devotion.
You visited 1 branch of the dungeon, and saw 2 of its levels.
You visited the Abyss 1 time.

You collected 52 gold pieces.

Inventory:

Hand Weapons
 a - a +1 falchion (weapon)
Armour
 b - a +0 leather armour (worn)
 e - a scarf of resistance
Scrolls
 d - 5 scrolls of identify {unknown}
 g - a scroll of teleportation {unknown}
 h - a scroll of enchant weapon {unknown}
Potions
 c - a potion of attraction {unknown}
 f - a potion of curing {unknown}


   Skills:
 - Level 3.0 Fighting
 * Level 3.0 Long Blades
 - Level 1.7 Armour
 - Level 0.8 Dodging
 + Level 0.3 Stealth
 - Level 2.4 Invocations


You had one spell level left.
You didn't know any spells.
Your spell library was empty.

Dungeon Overview and Level Annotations

Branches:
Dungeon (2/15)

Altars:


Innate Abilities, Weirdness & Mutations

You have a somewhat thin skeletal structure. (Dex +2, Stealth)


Message History

You are too injured to fight recklessly!
You are too injured to fight recklessly!
You are too injured to fight recklessly!
You are too injured to fight recklessly!
You are too injured to fight recklessly!
You are too injured to fight recklessly!
You are too injured to fight recklessly!
You are too injured to fight recklessly!
You are too injured to fight recklessly!
You are too injured to fight recklessly!
You are too injured to fight recklessly!
You are too injured to fight recklessly!
You are too injured to fight recklessly!
You are too injured to fight recklessly!
You are too injured to fight recklessly!
You are too injured to fight recklessly!
You are too injured to fight recklessly!
You slash the hound!
The hound is heavily wounded.
The hound bites you.
You closely miss the hound.
The hound is heavily wounded.
The hound bites you.
* * * LOW HITPOINT WARNING * * *
The hound misses you.
You closely miss the hound.
The hound is heavily wounded.
The hound bites you but does no damage. The hound misses you.
You hit the hound.
The hound is severely wounded.
The hound bites you but does no damage.
Your leather armour prevents you from hitting the hound.
The hound is severely wounded.
The hound bites you.
* * * LOW HITPOINT WARNING * * *
The hound bites you but does no damage.
You barely miss the hound.
The hound is severely wounded.
The hound bites you.
You die...

#....# .....
#.##..### ###..
#.##..# ..
#.##..#####..
#............
#.##..#####..
#.##..#
####.##.##..#####
......h@†.........
####........##....
#######.## ###
#... #####


You could see a hound.

Vanquished Creatures
  4 bats
  4 endoplasms
  A giant cockroach (D:2)
  3 goblins (D:1)
  A hobgoblin (D:2)
  A quokka (D:2)
  3 ball pythons
  A frilled lizard (D:2)
  2 kobolds
  3 rats
23 creatures vanquished.

Notes
Turn   | Place    | Note
-------+----------+-------------------------------------------
     0 | Abyss:1  | polve the Demonspawn Abyssal Knight began the quest for the
                  | Orb.
     0 | Abyss:1  | Reached XP level 1. HP: 18/18 MP: 2/2
     6 | Abyss:1  | Found a corrupted altar of Lugonu.
    70 | Abyss:1  | Noticed a smoke demon
    70 | Abyss:1  | Noticed a chaos spawn
    71 | D:1      | Escaped the Abyss
   307 | D:1      | Gained mutation: You have a somewhat thin skeletal
                  | structure. (Dex +2, Stealth) [demonic ancestry]
   307 | D:1      | Reached XP level 2. HP: 22/24 MP: 3/3
   466 | D:1      | Reached * piety under Lugonu
  1514 | D:2      | Slain by a hound

Illustrated notes

Levels and vault maps discovered:
D:1:      dpeg_arrival_fog, layout_basic, amcnicky_mini_rare_corridor_liquid,
          patterned_corridor
D:2:      layout_loops_ring, fiery_altar_vehumet

Skill      XL: |  1  2 |
---------------+-------+-----
Long Blades    | 2 3 |  3.0
Fighting       | |  3.0
Armour         | |  1.7
Dodging        | |  0.8
Stealth        | |  0.3
Invocations    | |  2.4

Action                   || total
-------------------------++-------
Melee: Falchion          ||    66
Invok: Depart the Abyss  ||     1
 Stab: Sleeping          ||     4
Armor: Leather armour    ||    20
Dodge: Dodged            ||    41
       Rpst.: Falchion   ||     9

Table legend: (Time is in decaauts)
 A = Elapsed time spent in this place.
 B = Non-inter-level travel time spent in this place.
 C = Inter-level travel time spent in this place.
 D = Time resting spent in this place.
 E = Time spent auto-exploring this place.
 F = Levels seen in this place.
 G = Mean time per level.
                   A        B        C        D        E       F      G
               +--------+--------+--------+--------+--------+-----+--------+
         Total |   1524 |   1492 |     32 |      0 |   1340 |   3 |  508.0 |
       Dungeon |   1453 |   1421 |     32 |      0 |   1270 |   2 |  726.5 |
         Abyss |     71 |     71 |      0 |      0 |     70 |   1 |   71.0 |
               +--------+--------+--------+--------+--------+-----+--------+

Top non-repeatable levels by time:
     D:1: 960 daAuts
     D:2: 492 daAuts
 Abyss:1: 71 daAuts
